[Event "Titled Tuesday Blitz March 29 Early 2022"]
[White "Kucuksari, Kaan"]
[Black "Manukyan, Sargis A."]
[WhiteFideId "6380166"]
[BlackFideId "13303970"]
[WhiteElo "2305"]
[BlackElo "2187"]
[Result "0-1"]
[Round "07"]
[TimeControl "180+1"]
[Date "2022.03.29"]
[WhiteClock "0:00:05"]
[BlackClock "0:00:24"]

1. d4 d5 2. c4 e6 3. Nf3 Nf6 4. g3 Be7 5. Bg2 O-O 6. O-O dxc4 7. Qc2 a6 8. Qxc4 b5 9. Qc2 Bb7 10. Bd2 Be4 11. Qc1 Nc6 12. e3 b4 13. Be1 Na5 14. Nbd2 Bd3 15. Ne5 Bxf1 16. Nxf1 Rc8 17. Nc6 Nxc6 18. Qxc6 Qd6 19. Nd2 Nd5 20. Rc1 a5 21. Nb3 Qxc6 22. Rxc6 a4 23. Nc5 Bxc5 24. Rxc5 b3 25. a3 c6 26. Kf1 Rfd8 27. Ke2 Kf8 28. g4 Ke7 29. f4 Kd7 30. Bd2 g6 31. e4 Nc7 32. Be3 Nb5 33. e5 Nxa3 34. Ra5 Ra8 35. Rc5 Rdc8 36. bxa3 b2 37. Bxc6+ Rxc6 38. Rb5 Rc2+ 39. Bd2 Kc6 40. Rb4 Ra5 41. Kd3 Rxd2+ 42. Kxd2 Rb5 43. Kc2 Rxb4 44. axb4 a3 45. h3 h6 46. h4 h5 47. gxh5 gxh5 48. Kb1 Kb5 49. d5 Kxb4 50. Kc2 exd5 51. f5 Kc5 52. e6 fxe6 53. f6 Kd6 54. Kb1 e5 55. f7 Ke7 56. f8=Q+ Kxf8 57. Kc2 e4 0-1


[Site "https://www.chess.com"]

[Event "Titled Tuesday Blitz March 29 Early 2022"]
[White "Lagunov, Evgenij"]
[Black "Koridze, Lile"]
[WhiteFideId "4125363"]
[BlackFideId "13612514"]
[WhiteElo "2200"]
[BlackElo "1999"]
[Result "1-0"]
[Round "07"]
[TimeControl "180+1"]
[Date "2022.03.30"]
[WhiteClock "0:00:25"]
[BlackClock "0:01:51"]

1. e4 c5 2. Nf3 d6 3. d4 cxd4 4. Nxd4 Nf6 5. Nc3 Nc6 6. Bc4 e5 7. Nb3 Be7 8. O-O O-O 9. h3 a6 10. a4 b6 11. Qe2 Bb7 12. Rd1 Qc7 13. Nd5 Nxd5 14. Bxd5 Rac8 15. c3 Kh8 16. Be3 f5 17. exf5 Rxf5 18. Be6 Rcf8 19. Bxf5 Rxf5 20. Qg4 Rf8 21. a5 b5 22. Bb6 Qb8 23. Nd2 Bc8 24. Qg3 Bf5 25. Re1 Qe8 26. Ne4 Qh5 27. Rad1 Be6 28. Nxd6 Bh4 29. Qd3 Bc4 30. Qe4 Nb8 31. Qg4 Qh6 32. Nxc4 bxc4 33. Rxe5 Qf6 34. Re2 Nc6 35. Qxc4 Ne5 36. Qd4 Re8 37. f4 Nf3+ 38. gxf3 Rxe2 39. Qd8+ Qxd8 40. Bxd8 g5 41. fxg5 Rxb2 42. Bf6+ Kg8 43. Rd6 Rf2 44. Rxa6 Rxf3 45. Kg2 Rg3+ 46. Kh2 Rd3 47. Rc6 Bg3+ 48. Kg2 Bf4 49. a6 Be3 50. a7 Bxa7 51. Rc8+ Kf7 52. Rc7+ Ke6 53. Rxa7 Kf5 54. Rxh7 1-0


[Site "https://www.chess.com"]

[Event "Titled Tuesday Blitz March 29 Early 2022"]
[White "Lakshmi C"]
[Black "De Souza, Cristiano Gomes"]
[WhiteFideId "25035347"]
[BlackFideId "2151758"]
[WhiteElo "1775"]
[BlackElo "2068"]
[Result "0-1"]
[Round "07"]
[TimeControl "180+1"]
[Date "2022.03.30"]
[WhiteClock "0:00:02"]
[BlackClock "0:01:26"]

1. e4 c5 2. Nf3 d6 3. d4 cxd4 4. Nxd4 Nf6 5. Nc3 a6 6. a4 e5 7. Nb3 h6 8. Bc4 Be7 9. h3 O-O 10. Be3 Nc6 11. a5 Be6 12. Bb6 Qd7 13. Nd5 Bd8 14. Bxd8 Qxd8 15. Qe2 Bxd5 16. exd5 Ne7 17. Rd1 Rc8 18. Rd3 Qc7 19. Rc3 Qd7 20. Qd3 e4 21. Qd2 Qf5 22. O-O Ng6 23. Nd4 Qh5 24. Ne2 Ne5 25. Nf4 Qg5 26. Rg3 Nxc4 27. Qc1 Qe5 28. b3 Nxa5 29. c4 b5 30. Re1 bxc4 31. b4 Nb3 32. Qe3 Nd4 33. Rd1 Nf5 34. Qc1 Nxg3 35. fxg3 e3 36. Kh2 Rfe8 37. Re1 g5 38. Ne2 Kg7 39. Rd1 c3 40. Rd4 c2 41. Rd3 Nxd5 42. Qa3 Nf6 0-1


[Site "https://www.chess.com"]

[Event "Titled Tuesday Blitz March 29 Early 2022"]
[White "Lauridsen, Jesper Morch"]
[Black "Sanchez Alvares, Kelvin Antonio"]
[WhiteFideId "1401890"]
[BlackFideId "3906680"]
[WhiteElo "2319"]
[BlackElo "2193"]
[Result "1/2-1/2"]
[Round "07"]
[TimeControl "180+1"]
[Date "2022.03.30"]
[WhiteClock "0:00:06"]
[BlackClock "0:00:12"]

1. e4 e5 2. Nc3 Nc6 3. Bc4 Bc5 4. d3 d6 5. f4 Nf6 6. Nf3 Bg4 7. Na4 Bb6 8. Nxb6 axb6 9. h3 Bxf3 10. Qxf3 Nd4 11. Qf2 b5 12. Bb3 Nxb3 13. cxb3 h6 14. Be3 Qe7 15. O-O Nd7 16. Rac1 c6 17. a3 O-O 18. Qg3 Kh7 19. Rce1 f5 20. fxe5 Qxe5 21. Bf4 Qxb2 22. Kh2 fxe4 23. Rxe4 Rf6 24. Bc1 Qxb3 25. Rxf6 Nxf6 26. Re7 Rg8 27. Bxh6 Kxh6 28. Qf4+ Kg6 29. Qg3+ Kh6 30. Qf4+ Kh7 31. Qf5+ Kh6 32. Qf4+ 1/2-1/2


[Site "https://www.chess.com"]

[Event "Titled Tuesday Blitz March 29 Early 2022"]
[White "Le Ruyet, Leopold"]
[Black "Polster, Christian"]
[WhiteFideId "645923"]
[BlackFideId "12965081"]
[WhiteElo "2276"]
[BlackElo "2345"]
[Result "1-0"]
[Round "07"]
[TimeControl "180+1"]
[Date "2022.03.30"]
[WhiteClock "0:00:24"]
[BlackClock "0:01:04"]

1. d4 d5 2. c4 e6 3. Nc3 c6 4. cxd5 exd5 5. Bf4 Bd6 6. Bxd6 Qxd6 7. e3 Nf6 8. Bd3 O-O 9. Nf3 Bg4 10. h3 Bh5 11. g4 Bg6 12. Ne5 Bxd3 13. Qxd3 Nbd7 14. f4 Ne4 15. Nxd7 Nxc3 16. Nxf8 Ne4 17. O-O Rxf8 18. a3 g5 19. b4 f5 20. Qd1 Kh8 21. gxf5 gxf4 22. Rxf4 Rg8+ 23. Kh2 Rg3 24. Qh5 Rxe3 25. Qe8+ Kg7 26. Rg1+ Kh6 27. Qe6+ Qxe6 28. Rh4# 1-0


[Site "https://www.chess.com"]

[Event "Titled Tuesday Blitz March 29 Early 2022"]
[White "Le, Tuan Minh"]
[Black "Steinberg, Nitzan"]
[WhiteFideId "12401153"]
[BlackFideId "2801795"]
[WhiteElo "2450"]
[BlackElo "2440"]
[Result "1/2-1/2"]
[Round "07"]
[TimeControl "180+1"]
[Date "2022.03.29"]
[WhiteClock "0:00:10"]
[BlackClock "0:00:08"]

1. d4 d5 2. Nf3 Nf6 3. Bf4 e6 4. e3 Bd6 5. Bg3 O-O 6. c4 b6 7. Nc3 Bb7 8. Rc1 a6 9. cxd5 exd5 10. Bd3 Re8 11. O-O c5 12. Bb1 c4 13. Ne5 b5 14. a3 Ne4 15. Nxe4 dxe4 16. Qh5 Bxe5 17. dxe5 Nd7 18. f3 g6 19. Qh6 exf3 20. Rcd1 Qe7 21. Bh4 Qf8 22. Qf4 Nxe5 23. gxf3 Qc5 24. Bf6 Re6 25. Kg2 Rae8 26. e4 Qb6 27. Bh4 a5 28. Bf2 Qc7 29. Bd4 b4 30. axb4 axb4 31. Kh1 Qe7 32. Qe3 Qh4 33. Qf2 Qxf2 34. Rxf2 Rd8 35. Kg2 Red6 36. Rfd2 Nc6 37. Be3 Rxd2+ 38. Rxd2 Rxd2+ 39. Bxd2 Kf8 40. Bc2 Ke7 41. Ba4 Kd6 42. Bxc6 Bxc6 43. Bxb4+ Ke6 44. Kg3 f5 45. Kf4 fxe4 46. fxe4 h6 47. Bf8 g5+ 48. Ke3 h5 49. Bh6 g4 50. Kf4 Kf6 51. Bg5+ Ke6 52. Bh4 Be8 53. Kg5 Ke5 54. Be1 Kxe4 55. Kh4 Kf3 56. Bg3 Kg2 57. Be5 Kf3 58. Kg5 Ke4 59. Bc3 Kd3 60. Kh4 Ke2 61. Kg3 Ke3 62. Bg7 Ke4 63. Bc3 Kd3 64. Kh4 Ke4 65. Kg3 Kf5 1/2-1/2


[Site "https://www.chess.com"]

[Event "Titled Tuesday Blitz March 29 Early 2022"]
[White "Manolache, Marius"]
[Black "Mikhalsky, Vladimir"]
[WhiteFideId "1201530"]
[BlackFideId "14144352"]
[WhiteElo "2389"]
[BlackElo "2301"]
[Result "1-0"]
[Round "07"]
[TimeControl "180+1"]
[Date "2022.03.30"]
[WhiteClock "0:01:14"]
[BlackClock "0:00:36"]

1. d4 Nf6 2. c4 g6 3. f3 Bg7 4. e4 d6 5. Ne2 O-O 6. Be3 Nc6 7. Qd2 Re8 8. Nbc3 a6 9. d5 Ne5 10. Nd4 e6 11. Be2 c5 12. dxc6 bxc6 13. O-O Bb7 14. Rfd1 d5 15. f4 Neg4 16. e5 Nxe3 17. Qxe3 c5 18. Nb3 d4 19. Nxc5 Qc7 20. Qxd4 Red8 21. Qf2 Nh5 22. Nxb7 Qxb7 23. Bf3 Qb4 24. Bxa8 Rxa8 25. g4 Bf8 26. a3 Qxc4 27. Rd4 Qb3 28. gxh5 Bc5 29. Ne4 Ba7 30. Rad1 Rd8 31. Rxd8+ Kg7 32. Qxa7 1-0


[Site "https://www.chess.com"]

[Event "Titled Tuesday Blitz March 29 Early 2022"]
[White "Martin Duque, Jesus"]
[Black "Polanco Nunez, Yoel Estarling"]
[WhiteFideId "2208954"]
[BlackFideId "6401783"]
[WhiteElo "2243"]
[BlackElo "2132"]
[Result "1-0"]
[Round "07"]
[TimeControl "180+1"]
[Date "2022.03.30"]
[WhiteClock "0:01:14"]
[BlackClock "0:00:26"]

1. Nf3 Nf6 2. e3 g6 3. b3 Bg7 4. Bb2 O-O 5. g3 d6 6. d4 Nbd7 7. Bg2 e5 8. dxe5 Ng4 9. Nc3 Ngxe5 10. Qd2 a5 11. O-O-O Nxf3 12. Bxf3 Ne5 13. Be2 a4 14. Nxa4 Qe7 15. f4 Ng4 16. Bxg7 Kxg7 17. Bxg4 Bxg4 18. Rde1 b5 19. Nc3 c6 20. h3 Bf3 21. Rhf1 Bg2 22. Qxg2 Qf6 23. Qd2 Rxa2 24. Qd4 Ra5 25. Qxf6+ Kxf6 26. Kb2 Re8 27. g4 b4 28. g5+ Kf5 29. e4+ Ke6 30. f5+ Ke5 31. Nd1 Rea8 32. Kc1 Rc5 33. Nb2 Rc3 34. Nd3+ Kd4 35. Kb2 c5 36. e5 dxe5 37. Nxe5 gxf5 38. Rf4+ Kd5 39. Nxf7 Kc6 40. Rxf5 Ra7 41. Rf6+ Kb5 42. Nd6+ 1-0


[Site "https://www.chess.com"]

[Event "Titled Tuesday Blitz March 29 Early 2022"]
[White "Martin, Lewis"]
[Black "Schut, Han"]
[WhiteFideId "410551"]
[BlackFideId "1005561"]
[WhiteElo "2145"]
[BlackElo "2057"]
[Result "1/2-1/2"]
[Round "07"]
[TimeControl "180+1"]
[Date "2022.03.30"]
[WhiteClock "0:00:04"]
[BlackClock "0:00:07"]

1. e4 c5 2. Nf3 d6 3. d4 cxd4 4. Nxd4 Nf6 5. Nc3 a6 6. Bg5 e6 7. f4 Be7 8. Qf3 h6 9. Bh4 g5 10. fxg5 Nfd7 11. Bc4 hxg5 12. Bg3 Ne5 13. Bxe5 dxe5 14. Nb3 Nc6 15. a4 Qc7 16. O-O f6 17. Rad1 Nd4 18. Qd3 Bd7 19. Nxd4 exd4 20. Ne2 Qxh2+ 21. Kf2 e5 22. Ng3 Qh4 23. Bd5 O-O-O 24. Qb3 Qf4+ 25. Ke2 Qe3+ 26. Qxe3 dxe3 27. Kxe3 Bxa4 28. b3 Bd7 29. Nf5 Bxf5 30. Rxf5 Kc7 31. Rf3 Rh2 32. Kf2 Bc5+ 33. Kg3 Rh6 34. Rdf1 Be7 35. Rc3+ Kb8 36. Ra1 Rc8 37. Rxc8+ Kxc8 38. Ra4 Kb8 39. Rc4 Rh8 40. Rc3 Rc8 41. Rxc8+ Kxc8 42. Kg4 Kc7 43. Kf5 Bd8 44. Ke6 b5 45. c4 bxc4 46. Bxc4 a5 47. g4 Kb6 48. Kd7 Bc7 49. Ke7 Kc5 50. Bd5 Kd4 51. Kxf6 Bd8+ 52. Kf5 Ke3 53. Be6 Kd4 54. Bd5 Be7 55. Be6 Bd8 56. Kg6 Ke3 57. Kf5 Kd4 1/2-1/2


[Site "https://www.chess.com"]

[Event "Titled Tuesday Blitz March 29 Early 2022"]
[White "Matlakov, Maxim"]
[Black "Hakobyan, Aram"]
[WhiteFideId "4168003"]
[BlackFideId "13306677"]
[WhiteElo "2669"]
[BlackElo "2557"]
[Result "1-0"]
[Round "07"]
[TimeControl "180+1"]
[Date "2022.03.29"]
[WhiteClock "0:00:22"]
[BlackClock "0:00:07"]

1. d4 Nf6 2. c4 e6 3. Nf3 b6 4. a3 Ba6 5. Qc2 Bb7 6. Nc3 c5 7. e4 cxd4 8. Nxd4 Bc5 9. Nb3 Nc6 10. Nxc5 bxc5 11. Be3 Nd4 12. Qd1 e5 13. Bd3 O-O 14. b4 d6 15. O-O h6 16. Rb1 Bc6 17. h3 Qd7 18. f4 exf4 19. Rxf4 Qe6 20. Bxd4 cxd4 21. Ne2 Rfe8 22. Nxd4 Qe5 23. Rxf6 Qxd4+ 24. Rf2 Bxe4 25. Bf1 Qe5 26. Rc1 Re6 27. c5 dxc5 28. Rxc5 Qd6 29. Qxd6 Rxd6 30. Bc4 Bg6 31. Rc7 a5 32. b5 a4 33. Bxf7+ Bxf7 34. Rfxf7 Rg6 35. b6 Rd8 36. b7 Rd1+ 37. Kh2 Rb1 38. Rfd7 Kh7 39. Rd3 Rb2 40. Rg3 Rxg3 41. Kxg3 Kg6 42. Kf4 Kf6 43. g4 Rb3 44. h4 g5+ 45. hxg5+ hxg5+ 46. Ke4 Ke6 47. Rg7 Kd6 48. Kf5 Kc6 49. Kxg5 Rb5+ 50. Kh6 Rb6 51. Rg6+ Kxb7 52. Rxb6+ Kxb6 53. g5 Kc5 54. g6 Kc4 55. g7 Kb3 56. g8=Q+ Kxa3 57. Qb8 Ka2 58. Qb4 Ka1 59. Qxa4+ Kb2 60. Qe4 1-0


[Site "https://www.chess.com"]

[Event "Titled Tuesday Blitz March 29 Early 2022"]
[White "Mena, Ailen Oriana"]
[Black "Agasarov, Benik"]
[WhiteFideId "3902773"]
[BlackFideId "13314823"]
[WhiteElo "1534"]
[BlackElo "2532"]
[Result "0-1"]
[Round "07"]
[TimeControl "180+1"]
[Date "2022.03.30"]
[WhiteClock "0:00:01"]
[BlackClock "0:01:52"]

1. e4 c5 2. c3 Nf6 3. e5 Nd5 4. d4 cxd4 5. Nf3 e6 6. cxd4 d6 7. Bc4 Be7 8. O-O O-O 9. Qe2 Nc6 10. Rd1 Bd7 11. Nc3 Nxc3 12. bxc3 Qc7 13. Bf4 dxe5 14. Nxe5 Nxe5 15. Bxe5 Bd6 16. Bxd6 Qxd6 17. Rab1 b6 18. d5 e5 19. Re1 Rfe8 20. Rbd1 Rac8 21. Bb3 Rxc3 22. Rd3 Bb5 23. Rxc3 Bxe2 24. Rxe2 Qb4 25. Rec2 Qd4 26. h3 h5 27. Rc7 e4 28. Rxa7 e3 29. Rcc7 exf2+ 30. Kh2 f1=Q 0-1


[Site "https://www.chess.com"]

[Event "Titled Tuesday Blitz March 29 Early 2022"]
[White "Mihailidis, Anastasios"]
[Black "Migot, Tangi"]
[WhiteFideId "4205588"]
[BlackFideId "662445"]
[WhiteElo "2312"]
[BlackElo "2511"]
[Result "0-1"]
[Round "07"]
[TimeControl "180+1"]
[Date "2022.03.30"]
[WhiteClock "0:00:14"]
[BlackClock "0:00:21"]

1. e4 e5 2. Nf3 d6 3. d4 exd4 4. Nxd4 Nf6 5. Bg5 Be7 6. Nc3 O-O 7. Be2 Nxe4 8. Bxe7 Qxe7 9. Nxe4 Qxe4 10. O-O Nc6 11. Nxc6 Qxc6 12. Bf3 Qb6 13. b3 Bf5 14. Qd2 Rfe8 15. c4 Re5 16. Rfe1 Rae8 17. Rxe5 Rxe5 18. Re1 Rxe1+ 19. Qxe1 Kf8 20. Qd2 Be6 21. Qg5 c6 22. Qh4 h6 23. Qe4 Qc5 24. Qh7 Qe5 25. Qh8+ Ke7 26. h3 d5 27. cxd5 cxd5 28. Qa8 d4 29. Qxb7+ Kf6 30. Qxa7 Qe1+ 31. Kh2 Qxf2 32. Qb6 Qe3 33. Qd8+ Kg6 34. Qh4 d3 35. Qe4+ Qxe4 36. Bxe4+ Bf5 37. Bf3 Kf6 38. Kg3 Ke5 39. Kf2 Kd4 40. Bd1 Be4 41. g3 f5 42. a4 g5 43. a5 Bb7 44. b4 Ba6 45. Ba4 Kc4 46. Ke3 Kxb4 47. Bd7 Kc3 48. Bxf5 d2 49. Bg4 Bc8 50. Bd1 Bxh3 51. Be2 Bc8 52. a6 Bxa6 53. Bd1 Bd3 54. Kf3 Bc2 55. Be2 d1=Q 56. Bxd1 Bxd1+ 57. Ke4 h5 58. Kf5 h4 59. gxh4 gxh4 60. Kf4 Kd3 61. Kg5 h3 62. Kh4 h2 63. Kg3 h1=Q 64. Kf2 Qf3+ 65. Kg1 Qg3+ 66. Kh1 Bf3# 0-1


[Site "https://www.chess.com"]

[Event "Titled Tuesday Blitz March 29 Early 2022"]
[White "Mika, Tomasz"]
[Black "Estrada Nieto, Julian"]
[WhiteFideId "1132970"]
[BlackFideId "5101018"]
[WhiteElo "2116"]
[BlackElo "2246"]
[Result "1-0"]
[Round "07"]
[TimeControl "180+1"]
[Date "2022.03.30"]
[WhiteClock "0:00:05"]
[BlackClock "0:00:04"]

1. d4 d5 2. Nf3 Nf6 3. Bf4 c5 4. e3 Nc6 5. Nbd2 e6 6. c3 h6 7. Bd3 Bd6 8. Bg3 O-O 9. Ne5 Bxe5 10. dxe5 Nd7 11. f4 c4 12. Bc2 Qb6 13. O-O Qxb2 14. Rc1 Qb6 15. Qe2 f5 16. exf6 Nxf6 17. Nf3 Bd7 18. Ne5 Nxe5 19. fxe5 Ne4 20. Bxe4 dxe4 21. h3 Qc5 22. Kh2 Rf5 23. Rcd1 Ba4 24. Rd6 Raf8 25. Rxf5 exf5 26. Qd2 Kh7 27. e6 Re8 28. Qf2 Bc6 29. Qf4 Re7 30. h4 Be8 31. Qe5 Qxe5 32. Bxe5 Kg6 33. Bd4 b6 34. Kg3 h5 35. Kf4 Ba4 36. Ke5 f4 37. Kxf4 Bc2 38. Ke5 Bd3 39. g3 Bc2 40. Rd7 Re8 41. Kd6 Ba4 42. Rxg7+ Kf5 43. Rg5# 1-0


[Site "https://www.chess.com"]

[Event "Titled Tuesday Blitz March 29 Early 2022"]
[White "Mirzoev, Azer"]
[Black "Postnikov, Daniil"]
[WhiteFideId "13400304"]
[BlackFideId "4166329"]
[WhiteElo "2525"]
[BlackElo "2261"]
[Result "1-0"]
[Round "07"]
[TimeControl "180+1"]
[Date "2022.03.29"]
[WhiteClock "0:00:21"]
[BlackClock "0:00:05"]

1. b3 e5 2. Bb2 Nc6 3. e3 Nf6 4. d4 exd4 5. exd4 d5 6. Nf3 Bd6 7. Be2 Bf5 8. O-O Ne7 9. c4 c6 10. h3 h6 11. Nc3 O-O 12. a4 Ne4 13. Nxe4 Bxe4 14. Nd2 Bg6 15. Re1 Nf5 16. Bd3 Nh4 17. Bxg6 Nxg6 18. Nf3 Qf6 19. g3 Rfe8 20. Qd3 Ne7 21. Kg2 Qf5 22. Rad1 Qxd3 23. Rxd3 a5 24. Rc1 Bb4 25. Rc2 Nf5 26. Kf1 Nd6 27. Bc1 Ne4 28. h4 f6 29. h5 Kf7 30. Bf4 Rad8 31. g4 Bd6 32. Be3 Bb4 33. Kg2 Re7 34. Nh4 Nd6 35. cxd5 cxd5 36. Bf4 Re4 37. Rc7+ Re7 38. Rxe7+ Kxe7 39. Bxd6+ Bxd6 40. Nf5+ Kf7 41. Rc3 Bf4 42. Kf3 Bb8 43. Rc5 Rd7 44. Rxa5 Bc7 45. Ra8 Bb6 46. a5 Bd8 47. b4 Kg8 48. b5 Kh7 49. a6 bxa6 50. bxa6 Bb6 51. Rb8 Ba7 52. Rb7 Rxb7 53. axb7 g6 54. Ne7 1-0


[Site "https://www.chess.com"]

[Event "Titled Tuesday Blitz March 29 Early 2022"]
[White "Miszler, Levente"]
[Black "Tan, Jun Ying"]
[WhiteFideId "763276"]
[BlackFideId "5710413"]
[WhiteElo "1966"]
[BlackElo "1827"]
[Result "1-0"]
[Round "07"]
[TimeControl "180+1"]
[Date "2022.03.30"]
[WhiteClock "0:01:12"]
[BlackClock "0:01:39"]

1. Nf3 c5 2. e4 Nc6 3. d4 cxd4 4. Nxd4 Nf6 5. Nc3 d6 6. f3 e5 7. Nb3 Be7 8. Be3 O-O 9. Be2 a5 10. a4 Nb4 11. O-O Be6 12. Nd5 Nbxd5 13. exd5 Nxd5 14. Bf2 Nf4 15. Bb5 Qc7 16. c3 d5 17. Re1 Rfd8 18. Bg3 Ng6 19. Nd4 Qb6 20. Bxe5 Nxe5 21. Rxe5 Bf6 22. Re2 Bd7 23. Bxd7 Rxd7 24. Qd2 g6 25. Rae1 Kg7 26. Qe3 Rc8 27. Nf5+ gxf5 28. Qxb6 Rc6 29. Qf2 d4 30. Qg3+ Kf8 31. Re8# 1-0


[Site "https://www.chess.com"]

[Event "Titled Tuesday Blitz March 29 Early 2022"]
[White "Mkrtchyan, Mariam"]
[Black "volunteers1998"]
[WhiteFideId "13310828"]
[WhiteElo "1984"]
[BlackElo "2291"]
[Result "1-0"]
[Round "07"]
[TimeControl "180+1"]
[Date "2022.03.30"]
[WhiteClock "0:00:50"]
[BlackClock "0:00:03"]

1. Nf3 f5 2. g3 Nf6 3. Bg2 g6 4. O-O Bg7 5. c4 O-O 6. d4 d6 7. b3 e5 8. Bb2 e4 9. Ne1 Qe8 10. Nc3 c6 11. d5 c5 12. f3 exf3 13. exf3 a6 14. a4 Qe3+ 15. Kh1 Nbd7 16. Nc2 Qe7 17. Qd2 Ne5 18. Rae1 Qf7 19. f4 Neg4 20. h3 Nh6 21. Ba1 Bd7 22. a5 Rae8 23. Kh2 Rxe1 24. Rxe1 Re8 25. Kg1 Rxe1+ 26. Qxe1 Qe8 27. Qxe8+ Bxe8 28. Kf2 Nf7 29. Ke3 Nd7 30. Na4 Bxa1 31. Nxa1 Kg7 32. Nc2 Kf6 33. Ne1 h6 34. Nd3 g5 35. Bf3 Nd8 36. Bd1 Nf7 37. Nc3 Nd8 38. g4 Bg6 39. Nf2 gxf4+ 40. Kxf4 Nf7 41. gxf5 Bxf5 42. Bg4 Bxg4 43. Nxg4+ Kg6 44. Ne4 Nde5 45. Nxe5+ Nxe5 46. Nxd6 Nd3+ 47. Ke3 Nc1 48. Nxb7 Nxb3 49. Kd3 Kf6 50. Kc3 Nc1 51. Nxc5 Ke5 52. Nd3+ Nxd3 53. Kxd3 Kd6 54. Kd4 h5 55. c5+ Kd7 56. h4 Ke7 57. Ke5 Kd7 58. d6 Kc6 59. Ke6 Kxc5 60. d7 1-0


[Site "https://www.chess.com"]

[Event "Titled Tuesday Blitz March 29 Early 2022"]
[White "Mogirzan, Matei-Valeriu"]
[Black "Secer, Ata"]
[WhiteFideId "1257455"]
[BlackFideId "6303293"]
[WhiteElo "1733"]
[BlackElo "2282"]
[Result "0-1"]
[Round "07"]
[TimeControl "180+1"]
[Date "2022.03.30"]
[WhiteClock "0:00:01"]
[BlackClock "0:00:23"]

1. e4 c5 2. Nf3 e6 3. d4 cxd4 4. Nxd4 Nc6 5. Nxc6 bxc6 6. c4 Nf6 7. Nc3 e5 8. Be2 Bc5 9. O-O O-O 10. a3 d6 11. Na4 Bd4 12. Bf3 Be6 13. Qd3 Qa5 14. Nc3 Rab8 15. Ne2 Qa6 16. Nxd4 Bxc4 17. Qd2 exd4 18. Re1 c5 19. b4 Nd7 20. bxc5 dxc5 21. e5 Rfe8 22. Qg5 f6 23. Qg3 Nxe5 24. Bf4 Qd6 25. Bh6 Re7 26. Be4 Rbe8 27. f4 Ng6 28. Bxg6 Rxe1+ 29. Rxe1 Rxe1+ 30. Qxe1 hxg6 31. Qe8+ Kh7 32. Bg5 fxg5 33. fxg5 Qe6 34. Qc6 Qe1# 0-1


[Site "https://www.chess.com"]

[Event "Titled Tuesday Blitz March 29 Early 2022"]
[White "Murzin, Volodar"]
[Black "Babazada, Khazar"]
[WhiteFideId "44155573"]
[BlackFideId "13413554"]
[WhiteElo "2585"]
[BlackElo "2418"]
[Result "1/2-1/2"]
[Round "07"]
[TimeControl "180+1"]
[Date "2022.03.29"]
[WhiteClock "0:00:03"]
[BlackClock "0:00:43"]

1. e4 g6 2. Nf3 Bg7 3. d4 c6 4. c4 d5 5. cxd5 cxd5 6. e5 Nc6 7. Be3 Nh6 8. Nbd2 Nf5 9. Bd3 Nxe3 10. fxe3 O-O 11. O-O Qb6 12. Rf2 Bh6 13. Re2 Bd7 14. Nb1 Bg4 15. Nc3 e6 16. h3 Bxf3 17. gxf3 f6 18. exf6 Rxf6 19. f4 Raf8 20. Kh1 Qd8 21. Rg2 Kh8 22. Ne2 R6f7 23. Ng1 Qh4 24. Rg4 Qf2 25. Qe2 Qxe2 26. Bxe2 Ne7 27. Bd3 Rc8 28. Nf3 Nf5 29. Bxf5 exf5 30. Rg2 Bg7 31. Ne5 Bxe5 32. dxe5 Rfc7 33. Rd2 Rc2 34. Rad1 Kg8 35. Rxd5 Rxb2 36. R1d2 Rxd2 37. Rxd2 Rc3 38. Rd8+ Kf7 39. Rd7+ Ke6 40. Rxb7 Rxe3 41. Kg2 Ra3 42. Rxh7 Rxa2+ 43. Kg3 Ra3+ 44. Kh4 Rf3 45. Kg5 Rg3+ 46. Kh4 Rf3 47. Kg5 Rg3+ 48. Kh4 Ra3 49. Kg5 a5 50. Ra7 Rg3+ 51. Kh4 Rf3 52. Ra6+ Kf7 53. Ra7+ Ke6 54. Kg5 Rg3+ 55. Kh4 Rf3 1/2-1/2


[Site "https://www.chess.com"]

[Event "Titled Tuesday Blitz March 29 Early 2022"]
[White "Nakamura, Hikaru"]
[Black "Xiong, Jeffery"]
[WhiteFideId "2016192"]
[BlackFideId "2047640"]
[WhiteElo "2850"]
[BlackElo "2727"]
[Result "1-0"]
[Round "07"]
[TimeControl "180+1"]
[Date "2022.03.29"]
[WhiteClock "0:00:17"]
[BlackClock "0:00:17"]

1. Nf3 d5 2. b3 Bf5 3. Bb2 e6 4. g3 h6 5. Bg2 Nf6 6. d3 Be7 7. Nbd2 O-O 8. Ne5 Bh7 9. O-O a5 10. a3 c5 11. e4 Nc6 12. Nxc6 bxc6 13. a4 Nd7 14. Re1 Rb8 15. c4 Bf6 16. e5 Be7 17. Bf1 f6 18. Nf3 fxe5 19. Nxe5 Nxe5 20. Bxe5 Bd6 21. Ra2 Bxe5 22. Rxe5 Bf5 23. h3 Rf7 24. Rd2 Qf6 25. f4 g5 26. Rf2 gxf4 27. gxf4 Kh7 28. Kh2 Rfb7 29. Qe1 Rg8 30. Qxa5 Qh4 31. Rf3 Bg4 32. Rg3 Bxh3 33. Rxg8 Bxf1+ 34. Kg1 Kxg8 35. Qa8+ Kf7 36. Qxb7+ Kf6 37. Rxe6+ Kxe6 38. Qxc6+ Ke7 39. Qxc5+ Ke8 40. Qc6+ Ke7 41. Qc7+ Kf8 42. Qd6+ Kg7 43. Qe5+ Kf8 44. Kxf1 1-0


[Site "https://www.chess.com"]

[Event "Titled Tuesday Blitz March 29 Early 2022"]
[White "Namitbir Singh Walia"]
[Black "Ianov, Viktor"]
[WhiteFideId "35071068"]
[BlackFideId "14102730"]
[WhiteElo "1565"]
[BlackElo "2161"]
[Result "1/2-1/2"]
[Round "07"]
[TimeControl "180+1"]
[Date "2022.03.30"]
[WhiteClock "0:00:05"]
[BlackClock "0:00:46"]

1. d4 d6 2. c4 g6 3. Nf3 Bg7 4. g3 Nf6 5. Bg2 O-O 6. O-O c6 7. Qc2 Bf5 8. Qb3 Qb6 9. Nc3 Ne4 10. Nxe4 Bxe4 11. Qxb6 axb6 12. Be3 Nd7 13. a3 c5 14. Rfd1 Rfc8 15. Rac1 Ra4 16. dxc5 bxc5 17. Rd2 Rb8 18. Ne1 Bxg2 19. Kxg2 b5 20. cxb5 Rxb5 21. Rcc2 f5 22. Nd3 Kf7 23. f3 Rb3 24. Bf2 Nb6 25. Nc1 Rb5 26. h4 Rc4 27. b3 Rxc2 28. Rxc2 Ke6 29. a4 Rb4 30. Be1 Nd5 31. Bxb4 Ne3+ 32. Kf2 Nxc2 33. Bd2 Kd5 34. e3 e5 35. Ke2 e4 36. fxe4+ fxe4 37. Na2 Na1 38. b4 cxb4 39. Nxb4+ Kc4 40. Nc6 Nb3 41. a5 Nxd2 42. Kxd2 Kb5 43. Nd8 Kxa5 44. Nb7+ Kb4 45. Nxd6 Be5 46. Nxe4 Kc4 47. g4 Kd5 48. Kd3 h5 49. gxh5 gxh5 50. Nc3+ Ke6 51. Ne4 Kf5 52. Nd2 Kg4 53. Nc4 Bf6 54. Nd6 Bxh4 55. Ke4 Bf6 56. Nf5 Kg5 57. Ng3 h4 58. Nf1 Kg4 59. Nh2+ Kg3 60. Nf1+ Kf2 61. Nd2 h3 62. Nf3 Bh4 63. Kf4 Bg3+ 64. Kg4 h2 65. Nxh2 Bxh2 66. e4 Be5 67. Kf5 Bc7 68. e5 Bxe5 1/2-1/2


[Site "https://www.chess.com"]

[Event "Titled Tuesday Blitz March 29 Early 2022"]
[White "Odegov, Artem"]
[Black "Zaksaite, Salomeja"]
[WhiteFideId "34183644"]
[BlackFideId "12801496"]
[WhiteElo "2286"]
[BlackElo "1953"]
[Result "0-1"]
[Round "07"]
[TimeControl "180+1"]
[Date "2022.03.30"]
[WhiteClock "0:00:13"]
[BlackClock "0:00:10"]

1. d4 Nf6 2. c4 g6 3. Nc3 d5 4. cxd5 Nxd5 5. e4 Nxc3 6. bxc3 Bg7 7. Bc4 c5 8. Ne2 O-O 9. O-O Nc6 10. Be3 Na5 11. Bd3 b6 12. dxc5 bxc5 13. Bxc5 Qc7 14. Bd4 e5 15. Be3 Nc4 16. Bg5 Be6 17. Rb1 f6 18. Bc1 Rfd8 19. Qc2 Rac8 20. Rd1 Bf8 21. Kh1 Na3 22. Bxa3 Bxa3 23. c4 Bc5 24. Nc3 Kg7 25. Nd5 Qc6 26. f3 Bd4 27. Qb3 Rd7 28. h3 Qc5 29. Qa4 Rf7 30. Rb5 Qc6 31. Qb3 f5 32. Rb1 f4 33. Rb8 Qd7 34. Qa3 Bxh3 35. Rxc8 Qxc8 36. Ne7 Qd7 37. Nf5+ gxf5 38. gxh3 fxe4 39. Bf1 e3 40. Qd3 Qf5 41. Qxf5 Rxf5 42. Bd3 Rf7 43. Rg1+ Kf6 44. h4 Rb7 45. Rg5 Rb2 46. Rf5+ Ke6 47. Rh5 e2 48. Rh6+ Kd7 49. Bxe2 Rxe2 50. Rxh7+ Kd6 51. Rh8 Rf2 52. Rd8+ Ke7 53. h5 Rxf3 54. Kg2 Rg3+ 55. Kh2 Rg5 56. h6 Rh5+ 57. Kg2 Rxh6 58. Ra8 Ra6 59. Kf3 Rxa2 60. Ke4 Re2+ 61. Kd5 Kf6 62. Rf8+ Kg5 63. c5 Rc2 64. c6 Kg4 65. Rf7 f3 66. c7 Kg3 67. Ke4 f2 68. Rg7+ Kh2 69. Rh7+ Kg1 70. Rg7+ Kf1 71. Rf7 Ke1 72. Kd3 Rc3+ 73. Ke4 f1=Q 74. Rxf1+ Kxf1 75. c8=Q Rxc8 76. Kd3 Ra8 77. Ke4 a5 78. Kd3 a4 79. Kc2 a3 80. Kb3 a2 81. Kc4 a1=Q 82. Kd5 Qa2+ 83. Ke4 Qe2+ 84. Kd5 Rd8+ 85. Ke6 Qg4+ 86. Kf6 e4+ 87. Kf7 Rd7+ 88. Kf8 Qg7+ 89. Ke8 Qf7# 0-1


[Site "https://www.chess.com"]